cohdb
Replays
Latest Replays
All Replays
Popular Replays
Top Player Replays
Match Explorer
How It Works
Community
CoH3 Stats
Reddit
Sign in to upload your games and track your stats! →
Sign in with Steam
Match 41539636
Unlisted
Match 41539636
Overview
Messages
Build Orders
End
Selects Australian Defense Battlegroup
Selects Australian Light Infantry Section
Australian Light Infantry Section
Construct Section Command Post
Australian Light Infantry Section
Infantry Section
Construct Platoon Command Post
Selects 2-pounder Anti-tank Gun Team
2-pounder Anti-tank Gun Team
Humber Armored Car
Construct Field Infirmary
Vickers Machine Gun Team
Infantry Training
Selects Vehicle Over Repair
rocketpossum
Trion
0
0
Comments
sign in to comment!
No comments posted yet!